Construct Section Command Post
Construct Platoon Command Post
Construct Platoon Command Post
Selects Air and Sea Battlegroup
6-pounder Anti-tank Gun Team
Selects Centaur Medium Tank
Construct Company Command Post
6-pounder Anti-tank Gun Team
Construct Company Command Post
Selects Commando Section Paradrop
Selects Commando LMG Section Paradrop
Commando LMG Section Paradrop
Commando LMG Section Paradrop
Selects Anti-tank Rocket Loiter
Unlock Towed 17-pounder Anti-tank Guns
17-pounder Anti-tank Gun Team
17-pounder Anti-tank Gun Team
Selects Naval Bombardment
17-pounder Anti-tank Gun Team
Commando LMG Section Paradrop
17-pounder Anti-tank Gun Team
17-pounder Anti-tank Gun Team
17-pounder Anti-tank Gun Team